 Dungeon Crawl Stone Soup version 0.13-a0-2899-gc7fce8a (webtiles) character file.

376 Edwin the Stinger (level 5, 0/35 HPs)
             Began as a Mummy Venom Mage on Aug 30, 2013.
             Slain by an orc wizard
             ... wielding a +0,+0 quarterstaff
              (8 damage)
             ... on Level 3 of the Dungeon.
             The game lasted 00:14:47 (7219 turns).

Edwin the Stinger (Mummy Venom Mage)                Turns: 7219, Time: 00:14:47

HP   0/35        AC  2     Str 11      XL: 5   Next: 63%
MP   0/11        EV 12     Int 15      God:
Gold 158         SH  0     Dex 12      Spells:  3 memorised,  3 levels left

Res.Fire  : x . .   See Invis. : .   e - +0 orc short sword
Res.Cold  : + . .   Warding    : .   a - +0 robe
Life Prot.: + + +   Conserve   : .   (no shield)
Res.Poison: +       Res.Corr.  : .   (no helmet)
Res.Elec. : .       Clarity    : .   (no cloak)
Sust.Abil.: . .     Spirit.Shd : .   (no gloves)
Res.Mut.  : .       Stasis     : .   (no boots)
Res.Rott. : +       Flight     : .   (no amulet)
Saprovore : . . .                    (no ring)
                                     (no ring)

@: very slightly contaminated, slightly resistant to hostile enchantments,
unstealthy
A: no food or potions, fire vulnerability, restore body, cold resistance 1, life
protection 3, poison resistance, torment resistance, unbreathing
a: no special abilities


You were on level 3 of the Dungeon.
You were not hungry.

You visited 1 branch of the dungeon, and saw 3 of its levels.

You collected 138 gold pieces.

Inventory:

Hand weapons
 e - a +0,+0 orcish short sword (weapon)
Armour
 a - a +0 robe (worn)
Scrolls
 c - a scroll of amnesia {unknown}
 d - 4 scrolls of identify {unknown}
 f - a scroll of remove curse {unknown}
 g - a scroll of magic mapping {unknown}
 h - 3 scrolls of curse jewellery {unknown}
 i - a scroll of enchant armour {unknown}
 k - 2 scrolls of fog {unknown}
 l - 2 scrolls of enchant weapon I {unknown}
Jewellery
 j - an uncursed ring of ice {unknown}
Books
 b - a Young Poisoner's Handbook

   Spells                             Type                      Level
   *Sting                             Conjuration/Poison           1
   Cure Poison                        Poison                       2
   *Mephitic Cloud                    Conjuration/Poison/Air       3
   *Olgreb's Toxic Radiance           Poison                       4
   Venom Bolt                         Conjuration/Poison           5


   Skills:
 - Level 1.5 Dodging
 - Level 1.5 Stealth
 + Level 3.5 Spellcasting
 + Level 4.7 Poison Magic


You had 3 spell levels left.
You knew the following spells:

 Your Spells              Type           Power        Failure   Level  Hunger
a - Sting                 Conj/Pois      #...         10%         1    N/A
b - Mephitic Cloud        Conj/Pois/Air  #.......     34%         3    N/A
c - Olgreb's Toxic Radia  Pois           ###.....     28%         4    N/A

Dungeon Overview and Level Annotations

Branches:
Dungeon (3/27)

Altars:
Vehumet
Zin

Shops:
D:3 *


Innate Abilities, Weirdness & Mutations

You do not eat or drink.
Your flesh is vulnerable to fire.
Your flesh is cold resistant.
You are immune to negative energy.
Your system is resistant to poisons.
You are immune to unholy pain and torment.
You can survive without breathing.


Message History

You miscast Mephitic Cloud.
You are very lightly contaminated with residual magic.
Energy rips through your body!
Ouch! That really hurt!
* * * LOW HITPOINT WARNING * * *
The orc wizard casts a spell.
The orc wizard seems to speed up.
Found 15 gold pieces.
Casting: Mephitic Cloud
Confirm with . or Enter, or press ? or * to list all spells.
Aiming: Sting
Press: ? - help, Shift-Dir - straight line, f/p - orc wizard
Aim: an orc wizard, wielding a quarterstaff, wearing an orcish robe and wearing a ruby ring (almost dead, poisoned, moving very quickly)
The sting hits the orc wizard.
The orc wizard looks even sicker.
The orc wizard is almost dead.
You closely miss the orc wizard.
The orc wizard is almost dead.
The orc wizard hits you but does no damage.
The orc wizard hits you with a quarterstaff!
You die...

##.## #........##.# #...#
#...#_#..# #...# ##%##⌠##.##
#...# #..###...#### ##...#####
##...........$
.........#####..#.##......
............##.)#.........
.........##.##..#o.#......
##...######.##..@.........
#...# #.###.#..##.### #<..# #.#
#.......# #...# #.# ##...######
###.### #.####..%.....# #.....#
#.##.......##.# #.#.#.#
#..........##..o.o.S.#
#.#.#.########.......##..##.##.
.............###...#.##..#


You could see an orc wizard.

Vanquished Creatures
  2 orc wizards (D:3)
  Jessica (D:3)
  5 adders
  A giant mite (D:3)
  3 giant geckos
  5 orcs
  2 ball pythons
  8 bats
  4 giant cockroaches
  11 goblins
  13 hobgoblins
  7 jackals
  An ooze (D:1)
  A quokka (D:2)
  7 giant newts
  9 kobolds
  7 rats
87 creatures vanquished.

Vanquished Creatures (others)
  A bat (D:2)
  A rat (D:2)
2 creatures vanquished.

Grand Total: 89 creatures vanquished

Notes
Turn   | Place    | Note
--------------------------------------------------------------
     0 | D:1      | Edwin, the Mummy Venom Mage, began the quest for the Orb.
     0 | D:1      | Reached XP level 1. HP: 13/13 MP: 3/3
   375 | D:1      | Reached XP level 2. HP: 16/19 MP: 0/4
  1488 | D:1      | Reached XP level 3. HP: 24/24 MP: 0/6
  3092 | D:2      | Learned a level 3 spell: Mephitic Cloud
  3689 | D:2      | Reached skill level 4 in Poison Magic
  3920 | D:2      | Found a radiant altar of Vehumet.
  4001 | D:2      | Reached XP level 4. HP: 23/30 MP: 4/8
  5152 | D:3      | Noticed a phantom
  5628 | D:3      | Noticed Jessica
  5913 | D:3      | Killed Jessica
  6592 | D:3      | Reached XP level 5. HP: 25/35 MP: 1/10
  6695 | D:3      | Learned a level 4 spell: Olgreb's Toxic Radiance
  7062 | D:3      | Found Zin's Purification Station.
  7069 | D:3      | Found a glowing silver altar of Zin.
  7219 | D:3      | Slain by an orc wizard

Action                   |  1- 3 |  4- 6 || total
-------------------------+-------+-------++-------
Melee: Short sword       |    48 |    16 ||    64
 Cast: Sting             |   105 |    90 ||   195
       Mephitic Cloud    |       |     9 ||     9
